 Dungeon Crawl Stone Soup version 0.29.0-4-gdea44cf6ec (webtiles) character file.

Game seed: 10631422131177223332

316 qw the Shield-Bearer (level 6, 0/35 HPs)
             Began as a Tengu Warper on Aug 28, 2022.
             Slain by Ijyb
             ... wielding a +0 dagger
              (1 damage)
             ... on level 4 of the Dungeon.
             The game lasted 00:00:23 (4022 turns).

qw the Shield-Bearer (Tengu Warper)                 Turns: 4022, Time: 00:00:24

Health: 0/35       AC:  4    Str: 12 (13) XL:     6   Next: 44%
Magic:  10/10      EV:  3    Int: 14      God:
Gold:   163        SH: 13    Dex: 12 (13) Spells: 9/9 levels left

rFire   . . .      SeeInvis .   Y - +0 hand axe (drain)
rCold   . . .      Faith    .   i - +0 tower shield
rNeg    . . .      Spirit   .   n - +0 chain mail
rPois   .          Reflect  .   (helmet restricted)
rElec   .          Harm     .   (no cloak)
rCorr   .          Rampage  .   (no gloves)
Will    +....                   (boots unavailable)
Stlth   ..........              (no amulet)
HPRegen 0.11/turn               d - ring of willpower
MPRegen 0.12/turn               (no ring)

@: about to teleport, corroded, flying quickly and evasively, quick
A: beak, talons 3, nimble flight
a: no special abilities


You were on level 4 of the Dungeon.
You visited 2 branches of the dungeon, and saw 5 of its levels.

You collected 185 gold pieces.
You spent 22 gold pieces at shops.


Innate Abilities, Weirdness & Mutations

You have a beak for a mouth.
You have claws for feet.
Your magical nature lets you fly swiftly and evasively.


   Skills:
 - Level 2.0 Fighting
 + Level 4.1 Axes
 - Level 1.0 Throwing
 - Level 1.1 Armour
 - Level 2.1 Dodging
 - Level 5.2 Shields
 - Level 2.0 Spellcasting
 - Level 2.4 Translocations


You had 9 spell levels left.
You didn't know any spells.
Your spell library contained the following spells:

 Spells                   Type           Power      Damage    Failure   Level
 Blink                    Tloc           16%        N/A       100%        2
 Gell's Gravitas          Tloc           8%         N/A       100%        3
 Lesser Beckoning         Tloc           8%         N/A       100%        3
 Teleport Other           Tloc           8%         N/A       100%        3
 Manifold Assault         Tloc           8%         N/A       100%        5

Inventory:

Hand Weapons
 c - a +0 flail
 Y - a +0 hand axe of draining (weapon)
Armour
 i - a +0 tower shield (worn)
 n - a +0 chain mail (worn)
Jewellery
 d - a ring of willpower (left hand)
Scrolls
 b - 3 scrolls of teleportation
 h - a scroll of identify
Potions
 a - a potion of might {unknown}
 f - 3 potions of mutation
 g - 4 potions of curing
 m - a potion of brilliance {unknown}

Dungeon Overview and Level Annotations

Branches:
Dungeon (4/15)             Temple (1/1) D:4

Altars:
Ashenzari
Cheibriados
Dithmenos
Fedhas
Gozag
Kikubaaqudgha
Makhleb
Nemelex Xobeh
Qazlal
Sif Muna
Uskayaw
Vehumet
Wu Jian
Yredelemnul
Zin

Shops:
D:1 *   D:2 :

Annotations:
D:3 2 transporters
D:4 Ijyb


Message History

The goblin shouts!
You barely miss the goblin. Your kick misses the goblin.
You peck the goblin, but do no damage. The goblin hits you but does no damage.
You block the goblin's attack.
You slash the goblin!
You kill the goblin!
You now have enough gold to buy a runed flail on D:1.
You can access your shopping list by pressing '$'.
You now have 163 gold pieces (gained 25).
You see here a +0 dagger.
Found an opulent altar of Gozag.
Enter note:
Enter note:
Enter note:
Found a book of Spatial Translocations.
There is an opulent altar of Gozag here.
Found a stone staircase leading up.
Enter note:
Enter note:
Enter note: Ijyb the Twisted Goblin comes into view.
She is wielding a +0 dagger and carrying a wand of acid (5).
Found a scroll labelled QUSIPP FOSENO.
Ijyb shouts!
You barely miss Ijyb. Ijyb hits you with a +0 dagger.
Ijyb zaps a wand.
The bolt of acid hits you! The acid corrodes you!
You hit Ijyb but do no damage. You drain Ijyb. You claw Ijyb, but do no damage.
Ijyb is lightly wounded.
Ijyb zaps a wand.
The bolt of acid hits you!
You closely miss Ijyb. You claw Ijyb, but do no damage.
Ijyb is lightly wounded.
Ijyb zaps a wand.
The bolt of acid hits you! Ijyb hits you but does no damage.
4021 ||| READING 4 scrolls of teleportation.
As you read the scroll of teleportation, it crumbles to dust.
You feel strangely unstable. Ijyb hits you but does no damage.
You barely miss Ijyb.
Ijyb is lightly wounded.
Ijyb hits you with a +0 dagger.
You die...

#. . .## ... ##.# ?.#
#g# ####@# #....# #.
..# .. # #.##.# ..
..# #. #.##.##.# .
..# #. #.......##.#
#.#.# #.
####.#####.###.#.# #.
#.# ###.......# #.
#.# #.......#.######.
#.###.#..#...........


You could see Ijyb (very drained).

Vanquished Creatures
  Duvessa (D:4)
  Dowan (D:4)
  2 iguanas
  Robin (D:3)
  An adder (D:2)
  A worm (D:2)
  2 dart slugs (D:1)
  4 endoplasms
  12 giant cockroaches
  16 goblins
  10 hobgoblins
  8 jackals
  2 quokkas
  8 ball pythons
  4 bats
  3 frilled lizards
  3 kobolds
  4 rats
83 creatures vanquished.

Notes
Turn   | Place    | Note
-------+----------+-------------------------------------------
     0 | D:1      | qw the Tengu Warper began the quest for the Orb.
     0 | D:1      | Reached XP level 1. HP: 12/12 MP: 4/4
     0 | D:1      | 0 ||| qw: Version: 0.1-a-89-g26bdef1
     0 | D:1      | 0 ||| qw: Game counter: 2592
     0 | D:1      | 0 ||| qw: Always use a shield: true
     0 | D:1      | 0 ||| qw: God list: Okawaru
     0 | D:1      | 0 ||| qw: Allow faded altars: false
     0 | D:1      | 0 ||| qw: Do Orc after D:15 true
     0 | D:1      | 0 ||| qw: Do second Lair branch before Depths: true
     0 | D:1      | 0 ||| qw: Lair rune preference: random
     0 | D:1      | 0 ||| qw: Plans: Normal
     0 | D:1      | 0 ||| PLANNING D:1-11
    43 | D:1      | Found a faded altar of an unknown god.
   108 | D:1      | Reached skill level 3 in Axes
   108 | D:1      | Reached XP level 2. HP: 13/17 MP: 6/6
   434 | D:1      | HP: 3/17 [dart slug/slug dart (4)]
   786 | D:1      | 786 ||| Stepping ~*~*~tactically~*~*~ (stealth).
   789 | D:1      | 789 ||| Stepping ~*~*~tactically~*~*~ (stealth).
   795 | D:1      | Reached XP level 3. HP: 21/21 MP: 7/7
   799 | D:1      | 799 ||| Stepping ~*~*~tactically~*~*~ (stealth).
   801 | D:1      | 801 ||| Stepping ~*~*~tactically~*~*~ (stealth).
   808 | D:1      | 808 ||| Stepping ~*~*~tactically~*~*~ (stealth).
   809 | D:1      | 809 ||| Stepping ~*~*~tactically~*~*~ (stealth).
   813 | D:1      | 813 ||| Stepping ~*~*~tactically~*~*~ (stealth).
   827 | D:1      | 827 ||| Stepping ~*~*~tactically~*~*~ (stealth).
   829 | D:1      | Found Hesoirib's Assorted Antiques.
   838 | D:1      | 838 ||| BUYING bubbling orange potion (22 gold).
   838 | D:1      | Bought a bubbling orange potion for 22 gold pieces
   838 | D:1      | 838 ||| SHOPLISTING club (25 gold, have 10).
   838 | D:1      | 838 ||| SHOPLISTING coppery potion (22 gold, have 10).
   838 | D:1      | 838 ||| SHOPLISTING flickering glass ring (125 gold, have
                  | 10).
   838 | D:1      | 838 ||| SHOPLISTING runed flail (162 gold, have 10).
   838 | D:1      | 838 ||| SHOPLISTING scroll labelled XYUGGO SOVVY (25 gold,
                  | have 10).
   838 | D:1      | 838 ||| SHOPLISTING scroll labelled ZEMIUTW XATAN (25 gold,
                  | have 10).
  1182 | D:1      | 1182 ||| UPGRADING to +0 ring mail.
  1192 | D:1      | 1192 ||| DROPPING +0 leather armour.
  1193 | D:1      | 1193 ||| UPGRADING to +0 tower shield.
  1198 | D:1      | 1198 ||| DROPPING scarf of harm.
  1199 | D:1      | 1199 ||| READING 3 scrolls labelled FIUWOAJEWK.
  1319 | D:1      | 1319 ||| READING 3 scrolls labelled ZEMIUTW XATAN.
  1320 | D:1      | 1320 ||| READING scroll labelled ACWECI YRAISIM.
  1321 | D:1      | 1321 ||| READING scroll labelled PYDAES MULYISE.
  1325 | D:1      | 1325 ||| READING scroll labelled BYNOLI QACURU.
  1326 | D:1      | 1326 ||| DRINKING 2 bubbling orange potions.
  1327 | D:1      | 1327 ||| READING 2 scrolls of identify.
  1327 | D:1      | 1327 ||| IDENTIFYING metallic sapphire potion
  1328 | D:1      | 1328 ||| DROPPING 2 scrolls of torment.
  1329 | D:1      | 1329 ||| DROPPING scroll of blinking.
  1388 | D:2      | 1388 ||| DROPPING +0 club.
  1538 | D:2      | Identified the +0 scale mail "Nidoru" {Int+2}
  1614 | D:2      | Reached skill level 1 in Shields
  1768 | D:2      | 1768 ||| Stepping ~*~*~tactically~*~*~ (stealth).
  1774 | D:2      | Reached XP level 4. HP: 26/26 MP: 8/8
  1796 | D:2      | 1796 ||| Stepping ~*~*~tactically~*~*~ (stealth).
  1797 | D:2      | 1797 ||| Stepping ~*~*~tactically~*~*~ (stealth).
  1798 | D:2      | 1798 ||| Stepping ~*~*~tactically~*~*~ (stealth).
  1804 | D:2      | 1804 ||| Stepping ~*~*~tactically~*~*~ (stealth).
  1806 | D:2      | 1806 ||| Stepping ~*~*~tactically~*~*~ (stealth).
  1807 | D:2      | 1807 ||| Stepping ~*~*~tactically~*~*~ (stealth).
  1808 | D:2      | 1808 ||| Stepping ~*~*~tactically~*~*~ (stealth).
  1811 | D:2      | 1811 ||| Stepping ~*~*~tactically~*~*~ (stealth).
  1812 | D:2      | 1812 ||| Stepping ~*~*~tactically~*~*~ (stealth).
  1813 | D:2      | 1813 ||| Stepping ~*~*~tactically~*~*~ (stealth).
  1814 | D:2      | 1814 ||| Stepping ~*~*~tactically~*~*~ (stealth).
  1816 | D:2      | 1816 ||| Stepping ~*~*~tactically~*~*~ (stealth).
  1818 | D:2      | 1818 ||| Stepping ~*~*~tactically~*~*~ (stealth).
  1819 | D:2      | 1819 ||| Stepping ~*~*~tactically~*~*~ (stealth).
  1820 | D:2      | 1820 ||| Stepping ~*~*~tactically~*~*~ (stealth).
  1962 | D:2      | Reached skill level 2 in Shields
  2038 | D:2      | Found Limevuen's Book Shoppe.
  2311 | D:2      | 2311 ||| UPGRADING to +0 scale mail "Nidoru" {Int+2}.
  2321 | D:2      | 2321 ||| DROPPING +0 ring mail.
  2322 | D:2      | 2322 ||| UPGRADING to ring of willpower.
  2323 | D:2      | 2323 ||| READING 4 scrolls labelled OSIRUL NUWUB.
  2324 | D:2      | 2324 ||| READING scroll labelled ICVYSA VANTOU.
  2425 | D:2      | 2425 ||| DRINKING 3 viscous ruby potions.
  2426 | D:2      | 2426 ||| DROPPING 2 potions of degeneration.
  2427 | D:2      | 2427 ||| DROPPING 3 scrolls of poison.
  2443 | D:3      | 2443 ||| Stepping ~*~*~tactically~*~*~ (stealth).
  2446 | D:3      | 2446 ||| Stepping ~*~*~tactically~*~*~ (stealth).
  2571 | D:3      | 2571 ||| FLEEEEING.
  2572 | D:3      | 2572 ||| FLEEEEING.
  2573 | D:3      | 2573 ||| STAIRDANCE
  2693 | D:3      | 2693 ||| STAIRDANCE
  2791 | D:3      | 2791 ||| Stepping ~*~*~tactically~*~*~ (stealth).
  2792 | D:3      | Noticed Robin
  2793 | D:3      | 2793 ||| Stepping ~*~*~tactically~*~*~ (hiding).
  2804 | D:3      | Reached skill level 3 in Shields
  2806 | D:3      | Killed Robin
  2807 | D:3      | Gained mutation: Your magical nature lets you fly swiftly
                  | and evasively. [Tengu growth]
  2807 | D:3      | Reached XP level 5. HP: 23/30 MP: 9/9
  2807 | D:3      | 2807 ||| Stepping ~*~*~tactically~*~*~ (stealth).
  2918 | D:3      | Noticed a black bear
  2920 | D:3      | Noticed an ice beast
  2923 | D:3      | Found a transporter.
  3238 | D:3      | Found a transporter.
  3247 | D:3      | Found a basalt altar of Yredelemnul.
  3282 | D:3      | 3282 ||| UPGRADING to +0 scale mail of cold resistance.
  3292 | D:3      | 3292 ||| DROPPING +0 scale mail "Nidoru" {Int+2}.
  3293 | D:3      | 3293 ||| UPGRADING to +0 chain mail.
  3303 | D:3      | 3303 ||| DROPPING +0 scale mail of cold resistance.
  3304 | D:3      | 3304 ||| READING scroll labelled VAUTEU ZEKE.
  3305 | D:3      | 3305 ||| READING scroll labelled YDECOU KEUQOA.
  3306 | D:3      | 3306 ||| READING scroll labelled XYUGGO SOVVY.
  3441 | D:4      | Found a staircase to the Ecumenical Temple.
  3442 | D:4      | 3442 ||| PLANNING TEMPLE
  3453 | Temple   | Entered the Ecumenical Temple
  3453 | Temple   | Found a transporter.
  3453 | Temple   | Found a transporter.
  3455 | Temple   | Found a transporter.
  3455 | Temple   | Found a transporter.
  3465 | Temple   | 3465 ||| PLANNING D:1-11
  3635 | D:4      | Noticed Duvessa
  3635 | D:4      | Noticed Dowan
  3636 | D:4      | 3636 ||| Stepping ~*~*~tactically~*~*~ (hiding).
  3649 | D:4      | Killed Duvessa
  3650 | D:4      | Reached skill level 4 in Shields
  3650 | D:4      | Reached XP level 6. HP: 28/35 MP: 10/10
  3652 | D:4      | Killed Dowan
  3653 | D:4      | Reached skill level 5 in Shields
  3920 | D:4      | Found an opulent altar of Gozag.
  4016 | D:4      | Noticed Ijyb
  4020 | D:4      | HP: 1/35 [Ijyb/bolt of acid (9)]
  4021 | D:4      | 4021 ||| READING 4 scrolls of teleportation.
  4022 | D:4      | Slain by Ijyb

Levels and vault maps discovered:
D:1:      psy_arrival_basics, layout_rooms,
          hellmonk_ecumenical_altar_pennies_from_heaven, serial_shops,
          shop_statue
D:2:      minmay_inner_zag, layout_basic, serial_shops, nicolae_shop_waterfront,
          st_stairs_11
D:3:      layout_rooms, gammafunk_temple_overflow_arena,
          ebering_dispersal_statue_hall, item_on_display_a, uniq_robin
D:4:      layout_loops_cross, overflow_temple_1_default,
          minmay_temple_entry_glassed_door, nicolae_figureground_pulse,
          uniq_duvessa, uniq_ijyb
Temple:   hellmonk_temple_divided_pantheon

Skill      XL: |  1  2  3  4  5  6 |
---------------+-------------------+-----
Axes           | 3 4 |  4.1
Shields        | 1 3 4 5 |  5.2
Fighting       | |  2.0
Throwing       | |  1.0
Armour         | |  1.1
Dodging        | |  2.1
Spellcasting   | |  2.0
Translocations | |  2.4

Action                   |  1- 3 |  4- 6 || total
-------------------------+-------+-------++-------
Melee: Hand axe          |    80 |   118 ||   198
       Kick              |    13 |    27 ||    40
       Peck              |     8 |    20 ||    28
       Punch             |     1 |       ||     1
Throw: Boomerang         |    24 |       ||    24
  Use: Scroll            |     6 |     6 ||    12
       Potion            |     1 |     1 ||     2
Armor: Leather armour    |    17 |       ||    17
       Ring mail         |     9 |    13 ||    22
       Scale mail        |       |    17 ||    17
       Chain mail        |       |    16 ||    16
Dodge: Dodged            |    30 |    20 ||    50
Block: Tower shield      |    10 |    66 ||    76

Table legend:
 A = Non-vault XP
 B = Vault XP
 C = Vault XP percentage of total XP
 D = Non-vault monster count
 E = Vault monster count
 F = Vault count percentage of total count
                 A         B        C        D         E       F
            +---------+---------+-------+---------+---------+-------
      Total |     194 |     258 |  57.1 |      60 |      23 |  27.7
            +---------+---------+-------+---------+---------+-------
        D:1 |      52 |       0 |   0.0 |      27 |       0 |   0.0
        D:2 |      46 |      15 |  24.6 |      17 |       9 |  34.6
        D:3 |      56 |      36 |  39.1 |      13 |      12 |  48.0
        D:4 |      40 |     207 |  83.8 |       3 |       2 |  40.0
            +---------+---------+-------+---------+---------+-------
